 Dungeon Crawl Stone Soup version 0.25-a0-353-ged6d54792d (webtiles) character file.

Game seed: 16328261281336132601, levelgen mode: deterministic

310 Gargoyl the Skirmisher (level 6, -3/52 HPs)
             Began as a Centaur Abyssal Knight on Jan 2, 2020.
             Was a Believer of Lugonu.
             Slain by an ogre
             ... wielding a +0 giant spiked club
              (12 damage)
             ... on level 4 of the Dungeon.
             The game lasted 00:07:00 (3710 turns).

Gargoyl the Skirmisher (Centaur Abyssal Knight)     Turns: 3710, Time: 00:07:01

Health: -3/52      AC: 11    Str: 15    XL:     6   Next: 18%
Magic:  8/8        EV:  2    Int: 11    God:    Lugonu [**....]
Gold:   249        SH:  0    Dex: 10    Spells: 5/5 levels left

rFire    . . .     SeeInvis .   a - +1 hand axe
rCold    . . .     Gourm    .   (no shield)
rNeg     . . .     Faith    .   d - +0 plate armour
rPois    +         Spirit   .   (no helmet)
rElec    .         Reflect  .   (no cloak)
rCorr    .         Harm     .   m - +1 pair of gloves
MR       .....                  (no barding)
Stlth    ..........             (no amulet)
HPRegen  0.17/turn              k - ring of poison resistance
MPRegen  0.11/turn              (no ring)

@: very slightly contaminated, very quick
A: large, hooves 3, deformed body, speed 2, tough skin 3
a: Depart the Abyss, Bend Space, Renounce Religion


You were on level 4 of the Dungeon.
You worshipped Lugonu.
Lugonu was pleased with you.
You were not hungry.

You visited 1 branch of the dungeon, and saw 4 of its levels.
You visited the Abyss 1 time.

You collected 249 gold pieces.

Inventory:

Hand Weapons
 a - a +1 hand axe (weapon)
 o - a -3 hand axe
Missiles
 p - a javelin (quivered)
Armour
 d - a +0 plate armour (worn)
 m - a +1 pair of gloves (worn)
Jewellery
 k - a ring of poison resistance (left hand)
Wands
 f - a wand of flame (20)
Scrolls
 b - a scroll of remove curse
 e - a scroll of identify
Potions
 g - 2 potions of brilliance
 i - a potion of might
 j - a potion of curing {unknown}
 l - a potion of agility {unknown}
 n - a potion of heal wounds {unknown}
 q - a potion of ambrosia
 r - a potion of mutation {unknown}
Comestibles
 c - 6 rations


   Skills:
 + Level 3.7 Fighting
 + Level 3.1 Axes
 + Level 0.3 Throwing
 * Level 3.1 Armour
 * Level 1.8 Dodging
 * Level 3.0 Invocations


You had 5 spell levels left.
You didn't know any spells.
Your spell library was empty.

Dungeon Overview and Level Annotations

Branches:
Dungeon (4/15)
 Temple: D:4-7

Altars:
Ashenzari
Elyvilon
Wu Jian
Zin
The Shining One

Annotations:
D:4 Ijyb


Innate Abilities, Weirdness & Mutations

You have hooves in place of feet.
Armour fits poorly on your strangely shaped body.
You cover ground very quickly.
You have extremely tough skin. (AC +3)


Message History

Press: ? - help, Shift-Dir - straight line, f - ogre
Aim: an ogre, wielding a +0 giant spiked club (almost dead)
You throw a javelin. The javelin barely misses the ogre.
The javelin barely misses the worm.
There is a stone staircase leading up here.
Throwing (i - inventory)
p - 3 javelins (quivered)
Press: ? - help, Shift-Dir - straight line, f/p - ogre
Aim: an ogre, wielding a +0 giant spiked club (almost dead)
You throw a javelin. The javelin completely misses the ogre.
Ijyb the Twisted Goblin comes into view.
She is quivering 10 poisoned darts and carrying a wand of iceblast (5).
Throwing (i - inventory)
p - 2 javelins (quivered)
Press: ? - help, Shift-Dir - straight line, f/p - ogre
Aim: an ogre, wielding a +0 giant spiked club (almost dead)
You throw a javelin.
The javelin pierces through the ogre but does no damage.
The ogre is almost dead.
The javelin pierces through the worm!
The worm is moderately wounded.
The ogre hits you with a +0 giant spiked club!
You die...

.........# ##...##
......##.# #...# .....
##.####...#
###...##........########
.........##............
#.#.#.#..###............
..g###..>..###.....##.
###....##..# #........
##.@.###.###........
#.O....)......####.
##.####..>......... #.#
####.#######.
##.#######.###
#........(...#
#.w####......#
#.(.###......#
#....##......#


You could see an ogre, Ijyb and a worm.

Vanquished Creatures
  The ghost of swagumen the Cudgeler, an amateur NaWr (D:3)
  An ogre (D:4)
  Terence (D:3)
  A hound skeleton (D:3)
  2 adders
  4 worms
  3 dart slugs (D:1)
  3 leopard geckos
  An orc (D:4)
  3 ball pythons
  3 giant cockroaches
  8 goblins
  5 hobgoblins
  7 kobolds
  11 bats
  3 frilled lizards
  5 rats
62 creatures vanquished.

Notes
Turn   | Place    | Note
-------+----------+-------------------------------------------
     0 | Abyss:1  | Gargoyl the Centaur Abyssal Knight began the quest for the
                  | Orb.
     0 | Abyss:1  | Reached XP level 1. HP: 19/19 MP: 2/2
    80 | Abyss:1  | Noticed an orange demon
    96 | Abyss:1  | Noticed a large abomination
   105 | Abyss:1  | Noticed a tentacled starspawn
   149 | Abyss:1  | Noticed a sun demon
   179 | Abyss:1  | Found a corrupted altar of Lugonu.
   212 | Abyss:1  | Noticed a quasit
   213 | Abyss:1  | Noticed a neqoxec
   214 | Abyss:1  | Noticed a large abomination
   215 | D:1      | Escaped the Abyss
   296 | D:1      | You fall into a shaft and drop 1 floor!
   345 | D:2      | Found a glowing golden altar of the Shining One.
   373 | D:1      | Reached XP level 2. HP: 26/26 MP: 3/3
   419 | D:1      | Reached * piety under Lugonu
   505 | D:1      | Reached skill level 1 in Dodging
   789 | D:1      | Reached XP level 3. HP: 30/31 MP: 4/4
  1238 | D:2      | Found a shattered altar of Ashenzari.
  1241 | D:2      | Found a glowing silver altar of Zin.
  1250 | D:2      | Found an ornate altar of the Wu Jian Council.
  1298 | D:2      | Found a white marble altar of Elyvilon.
  1610 | D:2      | Reached ** piety under Lugonu
  1901 | D:3      | HP: 1/31 [worm (7)]
  2208 | D:3      | Reached XP level 4. HP: 6/38 MP: 5/5
  2748 | D:3      | Noticed Terence
  2763 | D:3      | Killed Terence
  3002 | D:3      | Reached XP level 5. HP: 45/45 MP: 6/6
  3067 | D:3      | Found a large runed translucent door.
  3067 | D:3      | Found a large runed translucent door.
  3068 | D:3      | Noticed swagumen's ghost (amateur NaWr)
  3116 | D:3      | Killed swagumen's ghost
  3471 | D:4      | Noticed an ogre
  3498 | D:4      | Killed an ogre
  3498 | D:4      | Reached XP level 6. HP: 26/52 MP: 8/8
  3709 | D:4      | Noticed Ijyb
  3710 | D:4      | Slain by an ogre

Levels and vault maps discovered:
D:1:      tarquinn_simple_flora_water_f, layout_loops_ring
D:2:      layout_loops_ring, lemuel_doored_altar,
          minmay_overflow_temple_star_quad, elyvilon_altar_5, first_ration
D:3:      layout_basic, ebering_ghost_disaster_area, uniq_terence
D:4:      layout_loops_cross, grunt_temple_overflow_open,
          minmay_temple_entry_slanted, uniq_ijyb

Skill      XL: |  1  2  3  4  5 |
---------------+----------------+-----
Axes           | 2 3 |  3.1
Dodging        | 1 |  1.8
Armour         | 2 3 |  3.1
Invocations    | 3 |  3.0
Fighting       | |  3.7
Throwing       | |  0.3

Action                   |  1- 3 |  4- 6 || total
-------------------------+-------+-------++-------
Melee: Hand axe          |   155 |    95 ||   250
       Kick              |    29 |    20 ||    49
Throw: Javelin           |       |    10 ||    10
Invok: Depart the Abyss  |     1 |       ||     1
  Use: Scroll            |     3 |     6 ||     9
       Potion            |       |     1 ||     1
  Eat: Chunk             |     1 |     6 ||     7
Armor: Plate armour      |   138 |    61 ||   199
Dodge: Dodged            |    21 |     8 ||    29

Table legend:
 A = Non-vault XP
 B = Vault XP
 C = Vault XP percentage of total XP
 D = Non-vault monster count
 E = Vault monster count
 F = Vault count percentage of total count
                 A         B        C        D         E       F
            +---------+---------+-------+---------+---------+-------
      Total |     284 |     160 |  36.0 |      60 |       2 |   3.2
            +---------+---------+-------+---------+---------+-------
        D:1 |      37 |       0 |   0.0 |      18 |       0 |   0.0
        D:2 |      56 |       0 |   0.0 |      22 |       0 |   0.0
        D:3 |      67 |     160 |  70.5 |      18 |       2 |  10.0
        D:4 |     124 |       0 |   0.0 |       2 |       0 |   0.0
            +---------+---------+-------+---------+---------+-------
